 Dungeon Crawl Stone Soup version 0.29-a0-506-ga2e7fffb44 (webtiles) character file.

Game seed: 7465902625989678711

2319 bande the Covered (level 9, -1/60 HPs)
             Began as a Gargoyle Fighter on May 28, 2022.
             Was a Follower of Okawaru.
             Slain by an orc warrior
             ... wielding a +2 vorpal war axe
              (10 damage)
             ... on level 8 of the Dungeon.
             The game lasted 00:11:53 (7363 turns).

bande the Covered (Gargoyle Fighter)                Turns: 7363, Time: 00:11:54

Health: -1/60      AC: 25    Str: 20 (21) XL:     9   Next: 41%
Magic:  10/10      EV:  4    Int:  8      God:    Okawaru [*.....]
Gold:   256        SH:  9    Dex: 12 (13) Spells: 7/8 levels left

rFire   . . .      SeeInvis .   a - +1 war axe
rCold   . . .      Faith    .   w - +0 kite shield
rNeg    + . .      Spirit   .   l - +0 plate armour
rPois   ∞          Reflect  .   (helmet restricted)
rElec   +          Harm     .   b - +0 cloak
rCorr   .          Rampage  .   e - +0 pair of gloves
Will    +....                   j - +2 pair of boots
Stlth   ..........              (no amulet)
HPRegen 0.20/turn               v - ring of flight
MPRegen 0.12/turn               z - ring of willpower

@: flying
A: sickness immunity, AC +6, negative energy resistance 1, electricity
resistance, torment resistance 1, petrification resistance, horns 1,
deterioration 1, robust 1
a: Renounce Religion, Heroism


You were on level 8 of the Dungeon.
You worshipped Okawaru.
Okawaru was aware of your devotion.
You visited 2 branches of the dungeon, and saw 9 of its levels.

You collected 256 gold pieces.

Inventory:

Hand Weapons
 a - a +1 war axe (weapon)
 A - a +2 flail of protection
Armour
 b - a +0 cloak (worn)
 e - a +0 pair of gloves (worn)
 h - a +0 ring mail of fire resistance
 i - a +0 helmet
 j - a +2 pair of boots (worn)
 l - a +0 plate armour (worn)
 o - the +5 ring mail of the Lumpy Deaths {rF+ rN+}
   (You found it on level 7 of the Dungeon)

   rF:        It protects you from fire.
   rN:        It protects you from negative energy.
 w - a +0 kite shield (worn)
 B - a +1 ring mail of cold resistance
Jewellery
 s - the amulet of Elemental Vulnerability {rPois rF-- rC-- AC+8}
   (You found it on level 2 of the Dungeon)

   [amulet of nothing]

   AC:        It affects your AC (+8).
   rF:        It makes you very vulnerable to fire.
   rC:        It makes you very vulnerable to cold.
   rPois:     It protects you from poison.
 v - a ring of flight (left hand)
 y - an amulet of faith
 z - a ring of willpower (right hand)
Wands
 c - a wand of paralysis (14)
Scrolls
 k - a scroll of noise {unknown}
 n - 2 scrolls of enchant weapon
 r - 2 scrolls of fog
 C - 3 scrolls of teleportation
Potions
 d - 3 potions of might
 g - 3 potions of curing
 m - a potion of ambrosia
 p - a potion of berserk rage {unknown}
 q - 2 potions of brilliance
 t - a potion of lignification {unknown}
 u - a potion of haste {unknown}
 x - 2 potions of degeneration {unknown}


   Skills:
 + Level 5.9 Fighting
 + Level 7.1 Axes
 + Level 7.1 Armour
 + Level 5.2 Shields
 * Level 2.5 Translocations
 * Level 2.3 Invocations
 * Level 2.6 Evocations


You had 7 spell levels left.
You knew the following spells:

 Your Spells              Type           Power      Damage    Failure   Level
a - Apportation           Tloc           8%         N/A       100%        1

Your spell library contained the following spells:

 Spells                   Type           Power      Damage    Failure   Level
 Slow                     Hex            0%         N/A       100%        1
 Confusing Touch          Hex            0%         N/A       100%        3
 Vampiric Draining        Necr           0%         2d6       100%        3
 Alistair's Intoxication  Tmut/Pois      0%         N/A       100%        5


Dungeon Overview and Level Annotations

Branches:
Dungeon (8/15)             Temple (1/1) D:5
   Lair: D:8-11

Altars:
Cheibriados
Dithmenos
Elyvilon
Fedhas
Gozag
Hepliaklqana
Kikubaaqudgha
Makhleb
Nemelex Xobeh
Okawaru
Qazlal
Ru
Sif Muna
Trog
Uskayaw
Xom
Yredelemnul
The Shining One


Innate Abilities, Weirdness & Mutations

You are immune to sickness and miasma.
Your stone body is resilient. (AC +6)
You are immune to poison.
You resist negative energy. (rN+)
You are resistant to electric shocks. (rElec)
You are resistant to unholy torment.
You are immune to petrification.
You have a pair of small horns on your head.
Your body sometimes deteriorates upon taking damage.
You are robust. (+10% HP)


Message History

Okawaru accepts your kill.
You hit the orc warrior.
The orc warrior hits you but does no damage.
A two-headed ogre comes into view. It is wielding two +0 giant clubs.
The two-headed ogre shouts in stereo!
You block the orc warrior's attack.
Things that are here:
a +0 hand axe; a +0 leather armour You closely miss the orc warrior.
Your headbutt misses the orc warrior.
The orc warrior is lightly wounded.
You block the orc warrior's attack.
You barely miss the orc warrior.
The orc warrior is lightly wounded.
The orc warrior hits you with a +2 vorpal war axe.
The orc warrior barely misses you. You block the two-headed ogre's attack.
The two-headed ogre hits you with a +0 giant club!
Your body deteriorates!
You feel weakened.
You slash the orc warrior!
The orc warrior is heavily wounded.
You hit the two-headed ogre.
The orc warrior hits you with a +2 vorpal war axe.
You block the two-headed ogre's attack. x2
Unknown command.
You barely miss the orc warrior.
The orc warrior is heavily wounded.
You hit the two-headed ogre.
The orc warrior hits you with a +2 vorpal war axe.
You closely miss the orc warrior.
The orc warrior is heavily wounded.
You hit the two-headed ogre. You block the orc warrior's attack.
The two-headed ogre hits you with a +0 giant club! x2
* * * LOW HITPOINT WARNING * * *
The orc warrior hits you with a +2 vorpal war axe.
* * * LOW HITPOINT WARNING * * *
x2 You feel much better.
The two-headed ogre hits you with a +0 giant club!!
* * * LOW HITPOINT WARNING * * *
The two-headed ogre hits you but does no damage.
The orc warrior hits you with a +2 vorpal war axe!
You die...

############
#..........#
#......).<.#
##.....)....#
..>....@....#
##....Oo....#
#..........#
#.............
....#####....##
###. #..).# .
###..# . #.#


You could see a two-headed ogre and an orc warrior.

Vanquished Creatures
  Pikel (D:4)
  An ice beast (D:5)
  A black bear (D:5)
  An orc warrior (D:7)
  2 ogres (D:5)
  A lemure (D:4)
  A phantom (D:7)
  2 scorpions (D:4)
  3 necrophages
  8 wights
  5 hounds
  4 jellies
  Jessica (D:3)
  5 iguanas
  2 orc wizards (D:6)
  3 gnolls
  5 adders
  5 ufetubi
  A worm (D:2)
  2 dart slugs (D:2)
  17 orcs
  7 ball pythons
  5 endoplasms
  2 giant cockroaches
  5 goblins
  10 hobgoblins
  6 quokkas
  3 bats
  3 frilled lizards
  6 kobolds
  4 rats
122 creatures vanquished.

Vanquished Creatures (others)
  An iguana (D:5)
1 creature vanquished.

Grand Total: 123 creatures vanquished

Notes
Turn   | Place    | Note
-------+----------+-------------------------------------------
     0 | D:1      | bande the Gargoyle Fighter began the quest for the Orb.
     0 | D:1      | Reached XP level 1. HP: 14/14 MP: 1/1
    47 | D:1      | Reached XP level 2. HP: 13/19 MP: 2/2
   800 | D:1      | Reached XP level 3. HP: 21/24 MP: 3/3
  1009 | D:1      | Found a faded altar of an unknown god.
  1293 | D:2      | Gained mutation: You have a pair of small horns on your
                  | head. [potion of mutation]
  1293 | D:2      | Gained mutation: Your body sometimes deteriorates upon
                  | taking damage. [potion of mutation]
  1293 | D:2      | Gained mutation: You are robust. (+10% HP) [potion of
                  | mutation]
  1630 | D:2      | Reached XP level 4. HP: 31/31 MP: 4/4
  1862 | D:2      | Found the amulet of Elemental Vulnerability {rPois rF--
                  | rC-- AC+8}
  2012 | D:3      | Noticed Jessica
  2020 | D:3      | Killed Jessica
  2553 | D:3      | Reached XP level 5. HP: 36/36 MP: 5/5
  3038 | D:4      | Reached XP level 6. HP: 22/41 MP: 6/6
  3439 | D:4      | Noticed Pikel
  3465 | D:4      | Killed Pikel
  3466 | D:4      | Reached skill level 5 in Axes
  3466 | D:4      | Reached skill level 5 in Armour
  3466 | D:4      | Reached XP level 7. HP: 16/48 MP: 7/7
  3812 | D:4      | Reached skill level 5 in Fighting
  3974 | D:5      | Entered Level 5 of the Dungeon
  4007 | D:5      | Reached XP level 8. HP: 53/53 MP: 8/8
  4050 | D:5      | Found a sacrificial altar of Ru.
  4230 | D:5      | Learned a level 1 spell: Apportation
  4284 | D:5      | Found a shimmering blue altar of Sif Muna.
  4396 | D:5      | Reached skill level 1 in Evocations
  4658 | D:5      | Found a staircase to the Ecumenical Temple.
  4755 | D:4      | Reached skill level 1 in Translocations
  5283 | Temple   | Entered the Ecumenical Temple
  5296 | Temple   | Became a worshipper of Warmaster Okawaru
  5681 | D:6      | Reached skill level 1 in Invocations
  5689 | D:6      | Reached skill level 5 in Shields
  5689 | D:6      | Reached XP level 9. HP: 19/59 MP: 9/9
  6088 | D:6      | Found an ancient bone altar of Kikubaaqudgha.
  6172 | D:6      | Found a hazy altar of Hepliaklqana.
  6531 | D:7      | Reached * piety under Okawaru
  6965 | D:7      | Identified the +5 ring mail of the Lumpy Deaths {rF+ rN+}
  7171 | D:7      | Found a burning altar of Makhleb.
  7171 | D:7      | Found a sparkling altar of Nemelex Xobeh.
  7356 | D:8      | Noticed a two-headed ogre
  7362 | D:8      | HP: 3/60 [orc warrior/+2 vorpal war axe (4)]
  7363 | D:8      | Slain by an orc warrior

Illustrated notes

Levels and vault maps discovered:
D:1:      nzn_arrival_water_spiral, layout_basic,
          hellmonk_ecumenical_altar_zigzags, minmay_3d_cube
D:2:      layout_rooms
D:3:      layout_loops_cross, uniq_jessica
D:4:      layout_gridville, uniq_pikel
D:5:      minmay_opposing_rooms, layout_gridville,
          mainiacjoe_overflow_catch_the_wave, lemuel_temple_firewalk_b
D:6:      layout_basic, mainiacjoe_overflow_brackets,
          mainiacjoe_overflow_surrounded_room
D:7:      layout_rooms, gammafunk_temple_overflow_elements
D:8:      layout_rooms, erik_lair_island, serial_glass, glass_columns_b,
          glass_columns_c, due_unseen_surprise, enter_bailey_7
Temple:   lightli_temple_of_artemis

Skill      XL: |  1  2  3  4  5  6  7  8  9 |
---------------+----------------------------+-----
Axes           | 2 3 5 6 7 |  7.1
Armour         | 4 5 6 7 |  7.1
Fighting       | 4 5 |  5.9
Shields        | 4 5 |  5.2
Evocations     | 2 |  2.6
Translocations | 1 2 |  2.5
Invocations    | 1 2 |  2.3

Action                   |  1- 3 |  4- 6 |  7- 9 || total
-------------------------+-------+-------+-------++-------
Melee: War axe           |    81 |    97 |   198 ||   376
       Headbutt          |     4 |    17 |    29 ||    50
  Use: Scroll            |     2 |     5 |     5 ||    12
       Potion            |     1 |       |     3 ||     4
Armor: Scale mail        |    23 |       |       ||    23
       Chain mail        |    11 |       |       ||    11
       Plate armour      |    18 |    89 |   205 ||   312
Dodge: Dodged            |    34 |    26 |    62 ||   122
Block: Buckler           |    17 |    19 |       ||    36
       Kite shield       |       |    20 |   154 ||   174

Table legend: (Time is in decaauts)
 A = Elapsed time spent in this place.
 B = Non-inter-level travel time spent in this place.
 C = Inter-level travel time spent in this place.
 D = Time resting spent in this place.
 E = Time spent auto-exploring this place.
 F = Levels seen in this place.
 G = Mean time per level.
                   A        B        C        D        E       F      G
               +--------+--------+--------+--------+--------+-----+--------+
         Total |   7505 |   7416 |     89 |   1700 |   4369 |   9 |  833.9 |
       Dungeon |   7478 |   7389 |     89 |   1700 |   4369 |   8 |  934.8 |
        Temple |     26 |     26 |      0 |      0 |      0 |   1 |   26.0 |
               +--------+--------+--------+--------+--------+-----+--------+

Top non-repeatable levels by time:
     D:4: 1448 daAuts
     D:5: 1411 daAuts
     D:1: 1313 daAuts
     D:7: 886 daAuts
     D:3: 870 daAuts
     D:6: 865 daAuts
     D:2: 664 daAuts
  Temple: 26 daAuts
     D:8: 16 daAuts
